AoeStats
← nathanyeung

Arabia

506344243Analyzed
1v1 RM · 18d ago on Sep 13, 2026· 46m 11s· 2 players
Game mode
Random Map
Map size
Tiny (2 player)
Population
200
Speed
Normal
Resources
Standard
Victory
Conquest
Starting age
Dark Age
Ending age
Imperial Age
RankedLock teamsTeams togetherTeam positionsShared explorationLock speedFull tech treeHidden civsTurbo modeCheats
Victory
Defeat
🇭🇰 Saracens · Hong Kong SAR China
719
+14
🇨🇳 Georgians · China
682
-14
crazypig
4:15 Loom
12:12 Feudal Age
12:42 Double-Bit Axe
18:05 Castle Age
20:42 Horse Collar
22:07 Bow Saw
23:37 Gold Mining
24:39 Stone Mining
30:44 Imperial Age
29:09 Treadmill Crane
29:41 Husbandry
29:53 Bloodlines
30:08 Forging
30:04 Scale Barding Armor
30:19 Fervor
31:03 Stone Shaft Mining
31:57 Conscription
32:21 Scale Mail Armor
32:59 Iron Casting
32:49 Ballistics
33:10 Heavy Plow
34:47 Blast Furnace
34:31 Block Printing
37:14 Elite Monaspa
40:27 Chemistry
43:02 Chain Barding Armor
43:41 Siege Engineers
44:27 Redemption
45:14 Theocracy
45:06 Sanctity
45:54 Wheelbarrow
nathanyeung
11:54 Feudal Age
13:03 Double-Bit Axe
16:19 Loom
17:11 Gold Mining
20:31 Castle Age
18:44 Fletching
19:44 Forging
20:32 Scale Mail Armor
21:47 Bodkin Arrow
23:42 Stone Mining
25:48 Iron Casting
25:39 Squires
26:49 Bow Saw
28:59 Wheelbarrow
29:53 Town Watch
30:57 Hand Cart
33:34 Imperial Age
31:19 Bloodlines
32:50 Scale Barding Armor
34:40 Conscription
35:32 Pikeman
36:24 Husbandry
42:43 Chain Barding Armor
45:12 Gold Shaft Mining
45:16 Bracer
46:19 Blast Furnace
45:55 Plate Barding Armor
Connection lost

Rejoining the realm…

Still unreachable

The connection could not be restored.

Session expired

The server has moved on; the page needs a fresh start.